TOP OF THE 1ST |
Battle Ground Aeros batting - Pitching for Ft. Polk South Thunder Hawks : RHP Esteban González
|
Pitching: RHP Esteban González
|
|
Batting: RHB Jeffrey Jones
|
0-0: Ball 1-0: Called Strike 1-1: Foul Ball, location: 2F 1-2: Ball 2-2: Foul Ball, location: 2F 2-2: Fly out, F9 (Flyball, 9M)
|
Batting: LHB En-lai Gao
|
0-0: Called Strike 0-1: Ball 1-1: SINGLE (Line Drive, 89S)
|
Batting: SHB Juan Torres
|
0-0: Ball 1-0: Called Strike 1-1: Ball 2-1: Foul Ball, location: 2F 2-2: Fly out, F7 (Flyball, 78M)
|
Batting: LHB Dave Smerdon
|
0-0: Ball 1-0: Foul Ball, location: 2F 1-1: Ball 2-1: Swinging Strike 2-2: Foul Ball, location: 2F 2-2: SINGLE (Line Drive, 89M) En-lai Gao to second
|
Batting: RHB Ray Flynn
|
0-0: Ball 1-0: Foul Ball, location: 2F 1-1: Ball 2-1: Fly out, F8 (Flyball, 8RM)
|
Top of the 1st over - 0 run(s), 2 hit(s), 0 error(s), 2 left on base; Battle Ground 0 - Ft. Polk South 0 |
BOTTOM OF THE 1ST |
Ft. Polk South Thunder Hawks batting - Pitching for Battle Ground Aeros : LHP Phil Miller
|
Pitching: LHP Phil Miller
|
|
Batting: RHB Héctor López
|
0-0: SINGLE (Flyball, 9LS)
|
Batting: RHB Ramón Valdéz
|
0-0: Called Strike 0-1: Ball 1-1: Fielders Choice at 2nd, 5-4 (Groundball, 56)
|
Batting: RHB Keith Bane
|
0-0: Grounds into double play, 5-4-3 (Groundball, 56)
|
Bottom of the 1st over - 0 run(s), 1 hit(s), 0 error(s), 0 left on base; Battle Ground 0 - Ft. Polk South 0 |
TOP OF THE 2ND |
Battle Ground Aeros batting - Pitching for Ft. Polk South Thunder Hawks : RHP Esteban González
|
Batting: RHB Bennett Whitaker
|
0-0: Ball 1-0: Called Strike 1-1: Ball 2-1: Called Strike 2-2: SINGLE (Groundball, 5L)
|
Batting: RHB Roy McFerran
|
0-0: Fly out, F8 (Flyball, 8RS)
|
Batting: RHB José Rodríguez
|
0-0: Fielders Choice at 2nd, 3-6 (Groundball, 3)
|
Batting: LHB Nelson Martínez
|
0-0: Ball 1-0: Foul Ball, location: 2F 1-1: Fly out, F3 (Line Drive, 34S)
|
Top of the 2nd over - 0 run(s), 1 hit(s), 0 error(s), 1 left on base; Battle Ground 0 - Ft. Polk South 0 |
BOTTOM OF THE 2ND |
Ft. Polk South Thunder Hawks batting - Pitching for Battle Ground Aeros : LHP Phil Miller
|
Batting: RHB Robbie Chambers
|
0-0: Ball 1-0: Ball 2-0: Ball 3-0: Called Strike 3-1: Called Strike 3-2: Fly out, F8 (Flyball, 78M)
|
Batting: LHB Bryan Gregg
|
0-0: Called Strike 0-1: Ball 1-1: Foul Ball, location: 2F 1-2: Strikes out swinging
|
Batting: LHB Tom Benjamin
|
0-0: Ball 1-0: Ball 2-0: Ball 3-0: Called Strike 3-1: SINGLE (Flyball, 6MD)
|
Batting: RHB Bryan Billings
|
0-0: Ball 1-0: Ball 2-0: Ball 3-0: Base on Balls Tom Benjamin to second
|
Batting: RHB Iván Hernández
|
0-0: Called Strike 0-1: Called Strike 0-2: Strikes out looking
|
Bottom of the 2nd over - 0 run(s), 1 hit(s), 0 error(s), 2 left on base; Battle Ground 0 - Ft. Polk South 0 |
TOP OF THE 3RD |
Battle Ground Aeros batting - Pitching for Ft. Polk South Thunder Hawks : RHP Esteban González
|
Batting: RHB Jeffrey Jones
|
0-0: Called Strike 0-1: Ball 1-1: SINGLE (Groundball, 6)
|
Batting: LHB En-lai Gao
|
0-0: Ball Jeffrey Jones steals 2nd base 1-0: Ball 2-0: Foul Ball, location: 2F 2-1: SINGLE (Line Drive, 4MD) Jeffrey Jones to third
|
Batting: SHB Juan Torres
|
0-0: Ball 1-0: Called Strike 1-1: Ball 2-1: Fly out, F9 (Flyball, 9M) Runner from 3rd tags up, SCORES, no throw
|
Batting: LHB Dave Smerdon
|
0-0: Called Strike 0-1: Foul Ball, location: 2F 0-2: Ball 1-2: Ball 2-2: Foul Ball, location: 2F 2-2: Grounds into double play, 4-6-3 (Groundball, 4)
|
Top of the 3rd over - 1 run(s), 2 hit(s), 0 error(s), 0 left on base; Battle Ground 1 - Ft. Polk South 0 |
BOTTOM OF THE 3RD |
Ft. Polk South Thunder Hawks batting - Pitching for Battle Ground Aeros : LHP Phil Miller
|
Batting: RHB Jack Peck
|
0-0: Ground out 5-3 (Groundball, 56)
|
Batting: RHB Héctor López
|
0-0: Ball 1-0: Ball 2-0: Called Strike 2-1: Called Strike 2-2: Strikes out looking
|
Batting: RHB Ramón Valdéz
|
0-0: Ball 1-0: Called Strike 1-1: Swinging Strike 1-2: Ball 2-2: Strikes out swinging
|
Bottom of the 3rd over - 0 run(s), 0 hit(s), 0 error(s), 0 left on base; Battle Ground 1 - Ft. Polk South 0 |
TOP OF THE 4TH |
Battle Ground Aeros batting - Pitching for Ft. Polk South Thunder Hawks : RHP Esteban González
|
Batting: RHB Ray Flynn
|
0-0: Ball 1-0: Foul Ball, location: 2F 1-1: Swinging Strike 1-2: Foul Ball, location: 2F 1-2: Ball 2-2: Ball 3-2: Base on Balls
|
Batting: RHB Bennett Whitaker
|
0-0: SINGLE (Line Drive, 6MD) Ray Flynn to second
|
Batting: RHB Roy McFerran
|
0-0: Fielders Choice at 3rd, U5 (Groundball, 5L) Bennett Whitaker to second
|
Batting: RHB José Rodríguez
|
0-0: Fly out, F8 (Flyball, 8LM)
|
Batting: LHB Nelson Martínez
|
0-0: Ball 1-0: Called Strike 1-1: SINGLE (Flyball, 78S) Bennett Whitaker to third Roy McFerran to second Runner from 3rd tries for Home, SAFE, no throw or cutoff
|
Batting: RHB Jeffrey Jones
|
0-0: Fly out, F9 (Flyball, 9M)
|
Top of the 4th over - 1 run(s), 2 hit(s), 0 error(s), 2 left on base; Battle Ground 2 - Ft. Polk South 0 |
BOTTOM OF THE 4TH |
Ft. Polk South Thunder Hawks batting - Pitching for Battle Ground Aeros : LHP Phil Miller
|
Batting: RHB Keith Bane
|
0-0: SINGLE (Line Drive, 34D)
|
Batting: RHB Robbie Chambers
|
0-0: Ball 1-0: Foul Ball, location: 2F 1-1: Foul Ball, location: 2F 1-2: Foul Ball, location: 2F 1-2: Ball 2-2: Grounds into double play, 6-4-3 (Groundball, 6)
|
Batting: LHB Bryan Gregg
|
0-0: Called Strike 0-1: SINGLE (Flyball, 7S)
|
Batting: LHB Tom Benjamin
|
0-0: Ball 1-0: Ball 2-0: Swinging Strike 2-1: Ball 3-1: Called Strike 3-2: Strikes out swinging
|
Bottom of the 4th over - 0 run(s), 2 hit(s), 0 error(s), 1 left on base; Battle Ground 2 - Ft. Polk South 0 |
TOP OF THE 5TH |
Battle Ground Aeros batting - Pitching for Ft. Polk South Thunder Hawks : RHP Esteban González
|
Batting: LHB En-lai Gao
|
0-0: Ball 1-0: Called Strike 1-1: Foul Ball, location: 2F 1-2: Ground out 6-3 (Groundball, 6M)
|
Batting: SHB Juan Torres
|
0-0: Ball 1-0: Ball 2-0: Called Strike 2-1: Ball 3-1: Base on Balls
|
Batting: LHB Dave Smerdon
|
0-0: Ball 1-0: Ball 2-0: Called Strike 2-1: Fielders Choice at 2nd, 4-6 (Groundball, 34)
|
Batting: RHB Ray Flynn
|
0-0: 2-RUN HOME RUN (Flyball, 78XD), Distance : 376 ft
|
Batting: RHB Bennett Whitaker
|
0-0: Called Strike 0-1: Swinging Strike 0-2: Foul Ball, location: 2F 0-2: Ball 1-2: Strikes out swinging
|
Top of the 5th over - 2 run(s), 1 hit(s), 0 error(s), 0 left on base; Battle Ground 4 - Ft. Polk South 0 |
BOTTOM OF THE 5TH |
Ft. Polk South Thunder Hawks batting - Pitching for Battle Ground Aeros : LHP Phil Miller
|
Batting: RHB Bryan Billings
|
0-0: Ball 1-0: Called Strike 1-1: Ball 2-1: Ball 3-1: Base on Balls
|
Batting: RHB Iván Hernández
|
0-0: Ball 1-0: Swinging Strike 1-1: Grounds into double play, 4-6-3 (Groundball, 4)
|
Batting: RHB Jack Peck
|
0-0: Foul Ball, location: 2F 0-1: Called Strike 0-2: Foul Ball, location: 2F 0-2: Ball 1-2: Foul Ball, location: 2F 1-2: Fly out, F4 (Line Drive, 34)
|
Bottom of the 5th over - 0 run(s), 0 hit(s), 0 error(s), 0 left on base; Battle Ground 4 - Ft. Polk South 0 |
TOP OF THE 6TH |
Battle Ground Aeros batting - Pitching for Ft. Polk South Thunder Hawks : RHP Esteban González
|
Batting: RHB Roy McFerran
|
0-0: Ball 1-0: Ball 2-0: Ball 3-0: Called Strike 3-1: Foul Ball, location: 2F 3-2: Base on Balls
|
Pitching: RHP Randall McLean
|
|
Batting: RHB José Rodríguez
|
0-0: Sac Bunt - play at first, batter OUT! 5-3 Roy McFerran to second
|
Batting: LHB Nelson Martínez
|
0-0: Ball 1-0: Swinging Strike 1-1: Foul Ball, location: 2F 1-2: Fly out, F5 (Popup, 5F)
|
Batting: RHB Jeffrey Jones
|
0-0: Ball 1-0: Ball 2-0: Ball 3-0: Called Strike 3-1: SINGLE (Line Drive, 6M) Roy McFerran to third Runner from 3rd tries for Home, SAFE, no throw or cutoff
|
Batting: LHB En-lai Gao
|
0-0: Ball 1-0: Ball 2-0: Ball 3-0: Base on Balls Jeffrey Jones to second
|
Batting: SHB Juan Torres
|
0-0: Ball 1-0: Called Strike 1-1: Ball 2-1: Ball 3-1: Base on Balls Jeffrey Jones to third En-lai Gao to second
|
Batting: LHB Dave Smerdon
|
0-0: Ball 1-0: Fly out, F8 (Flyball, 8RS)
|
Top of the 6th over - 1 run(s), 1 hit(s), 0 error(s), 3 left on base; Battle Ground 5 - Ft. Polk South 0 |
BOTTOM OF THE 6TH |
Ft. Polk South Thunder Hawks batting - Pitching for Battle Ground Aeros : LHP Phil Miller
|
Batting: RHB Héctor López
|
0-0: Ball 1-0: Ground out 6-3 (Groundball, 56)
|
Batting: RHB Ramón Valdéz
|
0-0: Called Strike 0-1: Fly out, F9 (Flyball, 89M)
|
Batting: RHB Keith Bane
|
0-0: Called Strike 0-1: Ball 1-1: SINGLE (Line Drive, 4MD)
|
Batting: RHB Robbie Chambers
|
0-0: Called Strike 0-1: Ball 1-1: Fly out, F4 (Popup, 3D)
|
Bottom of the 6th over - 0 run(s), 1 hit(s), 0 error(s), 1 left on base; Battle Ground 5 - Ft. Polk South 0 |
TOP OF THE 7TH |
Battle Ground Aeros batting - Pitching for Ft. Polk South Thunder Hawks : RHP Randall McLean
|
Batting: RHB Ray Flynn
|
0-0: Ground out 1-3 (Groundball, 15)
|
Batting: RHB Bennett Whitaker
|
0-0: Ball 1-0: Called Strike 1-1: Foul Ball, location: 2F 1-2: Foul Ball, location: 2F 1-2: Foul Ball, location: 2F 1-2: Foul Ball, location: 2F 1-2: Fly out, F9 (Flyball, 9S)
|
Batting: RHB Roy McFerran
|
0-0: Swinging Strike 0-1: Fly out, F2 (Popup, 25F)
|
Top of the 7th over - 0 run(s), 0 hit(s), 0 error(s), 0 left on base; Battle Ground 5 - Ft. Polk South 0 |
BOTTOM OF THE 7TH |
Ft. Polk South Thunder Hawks batting - Pitching for Battle Ground Aeros : LHP Phil Miller
|
Batting: LHB Bryan Gregg
|
0-0: DOUBLE (Flyball, 8LM)
|
Batting: LHB Tom Benjamin
|
0-0: Called Strike 0-1: Ball 1-1: Called Strike 1-2: Ball 2-2: Ground out 6-3 (Groundball, 6) Bryan Gregg to third
|
Batting: RHB Bryan Billings
|
0-0: Called Strike 0-1: Swinging Strike 0-2: Ball 1-2: Foul Ball, location: 2F 1-2: Foul Ball, location: 2F 1-2: Ball 2-2: Strikes out swinging
|
Batting: RHB Iván Hernández
|
0-0: Ball 1-0: Ground out 5-3 (Groundball, 56)
|
Bottom of the 7th over - 0 run(s), 1 hit(s), 0 error(s), 1 left on base; Battle Ground 5 - Ft. Polk South 0 |
TOP OF THE 8TH |
Battle Ground Aeros batting - Pitching for Ft. Polk South Thunder Hawks : RHP Randall McLean
|
Batting: RHB José Rodríguez
|
0-0: Swinging Strike 0-1: Ball 1-1: Fly out, F8 (Flyball, 89S)
|
Batting: LHB Nelson Martínez
|
0-0: Called Strike 0-1: Swinging Strike 0-2: Ball 1-2: Foul Ball, location: 2F 1-2: Ball 2-2: Ball 3-2: Strikes out swinging
|
Batting: RHB Jeffrey Jones
|
0-0: Ball 1-0: Ball 2-0: Ball 3-0: Called Strike 3-1: Base on Balls
|
Batting: LHB En-lai Gao
|
0-0: Ball 1-0: SINGLE (Flyball, 9LM) Jeffrey Jones to second Runner from 2nd tries for 3rd, SAFE, no throw or cutoff
|
Batting: SHB Juan Torres
|
0-0: Ball 1-0: Called Strike 1-1: SINGLE (Groundball, 4MD) Jeffrey Jones scores En-lai Gao to second
|
Batting: LHB Dave Smerdon
|
0-0: Called Strike 0-1: Ball 1-1: Called Strike 1-2: Fly out, F7 (Line Drive, 78M)
|
Top of the 8th over - 1 run(s), 2 hit(s), 0 error(s), 2 left on base; Battle Ground 6 - Ft. Polk South 0 |
BOTTOM OF THE 8TH |
Ft. Polk South Thunder Hawks batting - Pitching for Battle Ground Aeros : LHP Phil Miller
|
Now at 1B: Leroy Rijerkerk
|
|
Now at 2B: Carlos Soto
|
|
Batting: RHB Jack Peck
|
0-0: Ball 1-0: Called Strike 1-1: Fly out, F6 (Popup, 6MS)
|
Batting: RHB Héctor López
|
0-0: Ground out 2-3 (Groundball, 25)
|
Batting: RHB Ramón Valdéz
|
0-0: Ball 1-0: Swinging Strike 1-1: Foul Ball, location: 2F 1-2: Strikes out swinging
|
Bottom of the 8th over - 0 run(s), 0 hit(s), 0 error(s), 0 left on base; Battle Ground 6 - Ft. Polk South 0 |
TOP OF THE 9TH |
Battle Ground Aeros batting - Pitching for Ft. Polk South Thunder Hawks : RHP Randall McLean
|
Pitching: RHP Jim Unknown
|
|
Batting: RHB Ray Flynn
|
0-0: Ball 1-0: Ball 2-0: Foul Ball, location: 2F 2-1: Fly out, F8 (Flyball, 8LM)
|
Batting: RHB Bennett Whitaker
|
0-0: Swinging Strike 0-1: Swinging Strike 0-2: Foul Ball, location: 2F 0-2: Ball 1-2: Ball 2-2: Ball 3-2: Strikes out swinging
|
Batting: RHB Roy McFerran
|
0-0: Swinging Strike 0-1: Ball 1-1: Foul Ball, location: 2F 1-2: Fly out, F7 (Flyball, 7LSF)
|
Top of the 9th over - 0 run(s), 0 hit(s), 0 error(s), 0 left on base; Battle Ground 6 - Ft. Polk South 0 |
BOTTOM OF THE 9TH |
Ft. Polk South Thunder Hawks batting - Pitching for Battle Ground Aeros : LHP Phil Miller
|
Pitching: RHP Manny Benavides
|
|
Batting: RHB Keith Bane
|
0-0: Ball 1-0: Called Strike 1-1: Foul Ball, location: 2F 1-2: Fly out, F2 (Popup, 3SF)
|
Batting: RHB Robbie Chambers
|
0-0: Foul Ball, location: 2F 0-1: Foul Ball, location: 2F 0-2: Ball 1-2: Ball 2-2: Foul Ball, location: 2F 2-2: Ball 3-2: Base on Balls
|
Batting: LHB Bryan Gregg
|
0-0: Foul Ball, location: 2F 0-1: Foul Ball, location: 2F 0-2: Foul Ball, location: 2F 0-2: Ball 1-2: Fly out, F7 (Flyball, 78M)
|
Batting: LHB Tom Benjamin
|
0-0: Ball 1-0: Ball 2-0: Ball 3-0: Called Strike 3-1: Called Strike 3-2: Ground out 4-3 (Groundball, 4)
|
Bottom of the 9th over - 0 run(s), 0 hit(s), 0 error(s), 1 left on base; Battle Ground 6 - Ft. Polk South 0 |
|